 Dungeon Crawl Stone Soup version 0.19.0-19-g8c6edcc (webtiles) character file.

121 Chiseanne the Skirmisher (level 4, -8/37 HPs)
             Began as a Demonspawn Hunter on Nov 12, 2016.
             Killed from afar by an orc wizard (10 damage)
             ... with a puff of frost
             ... on level 2 of the Dungeon.
             The game lasted 00:04:48 (1935 turns).

Chiseanne the Skirmisher (Demonspawn Hunter)        Turns: 1935, Time: 00:04:50

Health: -8/37      AC:  8    Str: 18    XL:     4   Next: 76%
Magic:  4/4        EV: 11    Int: 13    God:
Gold:   96         SH:  0    Dex: 13    Spells: 0 memorised, 3 levels left

rFire  . . .     SeeInvis +     m - +0 mace
rCold  . . .     Gourm    .     h - +1 ring mail
rNeg   . . .     Faith    .     (no shield)
rPois  .         Spirit   .     (no helmet)
rElec  .         Reflect  .     (no cloak)
rCorr  .         Harm     .     (no gloves)
MR     .....                    (no boots)
Stlth  +.........               (no amulet)
                                (no ring)
                                r - ring of see invisible

@: mighty
A: slimy green scales 1, rot immunity
a: no special abilities


You were on level 2 of the Dungeon.
You were not hungry.

You visited 1 branch of the dungeon, and saw 3 of its levels.

You collected 96 gold pieces.

Inventory:

Hand Weapons
 a - a +0 short sword
 m - a +0 mace (weapon)
 v - a +0 falchion of holy wrath
Missiles
 c - 3 javelins (quivered)
 e - 61 stones
 w - 34 arrows
Armour
 h - a +1 ring mail (worn)
Jewellery
 o - an uncursed amulet of harm
 p - a cursed ring of wizardry
 r - a ring of see invisible (left hand)
 t - an uncursed ring of stealth {unknown}
Potions
 b - a potion of might
 d - a potion of agility {unknown}
 i - 3 potions of ambrosia
 j - a potion of heal wounds {unknown}
 k - a potion of lignification {unknown}
Comestibles
 f - 3 bread rations
 g - 7 fruits
 s - a meat ration
 x - a slice of pizza


   Skills:
 * Level 3.9 Fighting
 - Level 3.6 Throwing
 * Level 2.5 Armour
 - Level 1.7 Dodging
 - Level 0.8 Stealth


You had 3 spell levels left.
You didn't know any spells.

Dungeon Overview and Level Annotations

Branches:
Dungeon (3/15)

Altars:
Nemelex Xobeh


Innate Abilities, Weirdness & Mutations

You are partially covered in slimy green scales. (AC +2)
You are immune to rotting.


Message History

* * * LOW HITPOINT WARNING * * *
You barely miss the orc wizard.
The orc wizard is lightly wounded.
The orc wizard barely misses you. The orc barely misses you.
The orc wizard hits you with a dagger.
* * * LOW HITPOINT WARNING * * *
You miss the orc wizard.
The orc wizard is lightly wounded.
The orc wizard hits you but does no damage.
The orc closely misses you. The orc wizard barely misses you.
You hit the orc wizard.
The orc wizard is lightly wounded.
The orc wizard hits you but does no damage.
The orc closely misses you. The orc wizard hits you with a dagger.
* * * LOW HITPOINT WARNING * * *
You closely miss the orc wizard.
The orc wizard is lightly wounded.
The orc wizard casts a spell at you. The puff of frost hits you!
You die...

.......###.# #...##.# ##...
...##......####.##...# ##....
......#####.....##.### #.....
...##.##....######.### #.....
..###......## #.....### #.....
..# #......# #....##_## #.....
..# #......# #...###..## #.....
.## #......# #o..#...#.# ##....
.####......# ##@..#..#..####....
...######.## #..o.#.#..###......
#...#####..####..####..###..[....
.........#.##....# #..#.####.....
####.[...#......####.#...# #.....
####............#...#.# #.....
#### ##.......#...##.#.## ##....
...### #.........#####.## ##...
##...###...#...#####....# #..##


You could see an orc wizard and an orc.

Vanquished Creatures
  An orc wizard (D:3)
  4 adders (D:2)
  A worm (D:2)
  2 dart slugs (D:2)
  A leopard gecko (D:1)
  An orc (D:3)
  9 bats (D:2)
  2 giant cockroaches
  3 goblins
  2 hobgoblins
  3 jackals (D:1)
  4 kobolds
  A quokka (D:2)
  2 ball pythons (D:1)
  4 frilled lizards
  11 rats
51 creatures vanquished.

Notes
Turn   | Place    | Note
-------+----------+-------------------------------------------
     0 | D:1      | Chiseanne the Demonspawn Hunter began the quest for the Orb.
     0 | D:1      | Reached XP level 1. HP: 16/16 MP: 1/1
   223 | D:1      | Gained mutation: You are partially covered in slimy green scales. (AC +2) [demonic ancestry]
   223 | D:1      | Reached XP level 2. HP: 19/23 MP: 2/2
   516 | D:1      | Reached skill level 1 in Armour
   761 | D:2      | Gained mutation: You are immune to rotting. [demonic ancestry]
   761 | D:2      | Reached XP level 3. HP: 12/29 MP: 3/3
  1065 | D:2      | HP: 1/29 [poisoned by an adder]
  1119 | D:2      | Reached XP level 4. HP: 11/35 MP: 4/4
  1497 | D:2      | Found a sparkling altar of Nemelex Xobeh.
  1935 | D:2      | Killed from afar by an orc wizard

Skill      XL: |  1  2  3 |
---------------+----------+-----
Armour         | 1 2 |  2.5
Fighting       | 3 |  3.9
Throwing       | |  3.6
Dodging        | |  1.7
Stealth        | |  0.8

Action                   |  1- 3 |  4- 6 || total
-------------------------+-------+-------++-------
Melee: Short sword       |    37 |       ||    37
       Mace              |   114 |    72 ||   186
Throw: Throwing net      |     4 |     3 ||     7
       Javelin           |     3 |     8 ||    11
  Use: Potion            |     3 |     1 ||     4
       Scroll            |     2 |     6 ||     8
  Eat: Chunk             |     1 |     3 ||     4
Armor: Ring mail         |   112 |    43 ||   155
       Leather armour    |     2 |       ||     2
Dodge: Dodged            |   192 |    66 ||   258
